 Dungeon Crawl Stone Soup version 0.18-b1-14-g029dad2 (webtiles) character file.

1772 doot the Tainter (level 9, -1/74 HPs)
             Began as a Naga Venom Mage on Apr 29, 2016.
             Was a Priest of Cheibriados.
             Slain by an orc warrior
             ... wielding a +0 trident
              (20 damage)
             ... on level 6 of the Dungeon on Apr 30, 2016.
             The game lasted 00:47:25 (8695 turns).

doot the Tainter (Naga Venom Mage)                  Turns: 8695, Time: 00:47:27

Health: -1/74      AC:  5    Str: 19    XL:     9   Next: 7%
Magic:  13/16      EV: 12    Int: 26    God:    Cheibriados [***...]
Gold:   339        SH:  0    Dex: 20    Spells: 4 memorised, 7 levels left

rFire  + + .     SeeInvis +     L - +11 mace "Fauve" {crush, rF++ SInv}
rCold  . . .     Gourm    +     a - +0 robe
rNeg   . . .     Faith    .     (no shield)
rPois  +         Spirit   .     (no helmet)
rElec  .         Dismiss  .     I - +0 cloak
rCorr  .         Reflect  .     (no gloves)
SustAt .         Harm     .     (no barding)
MR     +....                    c - amulet of the gourmand
Stlth  +++++.....               (no ring)
                                (no ring)

@: lethally poisoned (-1 -> -1), about to teleport, very slow, somewhat
resistant to hostile enchantments, quite stealthy
A: see invisible, deformed body, poison resistance, slowness 2, slow metabolism
1, spit poison 2, AC +3
a: Spit Poison, Bend Time, Temporal Distortion, Renounce Religion


You were on level 6 of the Dungeon.
You worshipped Cheibriados.
Cheibriados was most pleased with you.
You were not hungry.

You visited 1 branch of the dungeon, and saw 6 of its levels.

You collected 339 gold pieces.

Inventory:

Hand Weapons
 i - a +0 whip
 j - a +0 club
 m - a +3 dagger
 y - a -2 dagger
 B - a +0 long sword
 C - the +5 dagger of Gaotow {flame, rPois rN++}
   (You found it on level 4 of the Dungeon)

   It has been specially enchanted to burn those struck by it, causing extra
   injury to most foes and up to half again as much damage against particularly
   susceptible opponents.
   It protects you from poison.
   It greatly protects you from negative energy.
 D - the +7 dagger of Fupheing {drain, +Blink}
   (You found it on level 4 of the Dungeon)

   A truly terrible weapon, it drains the life of those it strikes.
   It lets you blink.
 F - a +0 spear of flaming
 J - a +3 quarterstaff of chaos
 L - the +11 mace "Fauve" (weapon) {crush, rF++ SInv}
   (You found it on level 5 of the Dungeon)

   It inflicts extra damage upon your enemies.
   It greatly protects you from fire.
   It lets you see invisible.
Missiles
 h - 5 silver tomahawks (quivered)
 s - 33 poisoned needles
Armour
 a - a +0 robe (worn)
 I - a +0 cloak (worn)
Jewellery
 c - an amulet of the gourmand (around neck)
Wands
 t - a wand of lightning (3/15)
 v - a wand of iceblast (9/15)
 K - a wand of flame (26/48)
 M - a wand of teleportation (7/9)
Scrolls
 e - 2 scrolls of remove curse
 f - 6 scrolls of identify
 k - 2 scrolls of blinking {unknown}
 l - a scroll of amnesia {unknown}
 n - 2 scrolls of fear {unknown}
 o - 2 scrolls of immolation {unknown}
 q - 2 scrolls of fog {unknown}
 u - 5 scrolls of random uselessness {unknown}
 A - a scroll of noise {unknown}
 E - a scroll of enchant weapon {unknown}
Potions
 d - 2 potions of flight {unknown}
 g - a potion of haste {unknown}
 p - a potion of agility {unknown}
 r - a potion of degeneration {unknown}
 x - a potion of invisibility {unknown}
 z - a potion of might {unknown}
 H - a potion of resistance {unknown}
Books
 b - a Young Poisoner's Handbook

   Spells                             Type                      Level
   a - Sting                          Conjuration/Poison           1
   b - Cure Poison                    Poison                       2
   c - Mephitic Cloud                 Conjuration/Poison/Air       3
   d - Olgreb's Toxic Radiance        Poison                       4
   e - Venom Bolt                     Conjuration/Poison           5
Comestibles
 w - 3 bread rations
 G - 7 fruits


   Skills:
 + Level 2.4 Fighting
 + Level 1.9 Short Blades
 + Level 0.8 Maces & Flails
 + Level 0.5 Throwing
 + Level 3.6 Dodging
 * Level 7.8 Stealth
 + Level 0.2 Unarmed Combat
 + Level 4.7 Spellcasting
 + Level 2.1 Conjurations
 * Level 10.2 Poison Magic
 + Level 0.2 Invocations


You had 7 spell levels left.
You knew the following spells:

 Your Spells              Type           Power        Failure   Level  Hunger
a - Sting                 Conj/Pois      ####         1%          1    None
b - Cure Poison           Pois           ######....   1%          2    None
c - Olgreb's Toxic Radia  Pois           ######..     1%          4    ####...
d - Mephitic Cloud        Conj/Pois/Air  ####....     6%          3    ##.....


Dungeon Overview and Level Annotations

Branches:
Dungeon (6/15)
 Temple: D:4-7

Altars:
Ashenzari
Cheibriados
Dithmenos
Elyvilon
Fedhas
Gozag
Nemelex Xobeh
Pakellas
Trog
Vehumet


Innate Abilities, Weirdness & Mutations

You cannot wear boots.
Your serpentine skin is tough (AC +3).
You have supernaturally acute eyesight.
Armour fits poorly on your strangely shaped body.
Your system is resistant to poisons.
You cover ground very slowly.
You have a slow metabolism.
You can spit poison.


Message History

You are more poisoned.
The orc looks even sicker.
The orc warrior is poisoned.
Your toxic aura wanes.
You feel sick.
You kill the orc!
Cheibriados appreciates the change of pace.
You kill the orc!
Cheibriados appreciates the change of pace.
The orc warrior hits you from afar with a trident!!
You feel sick.
The orc warrior hits you from afar with a trident!!
You feel sick.
The orc warrior hits you from afar with a trident!
* * * LOW HITPOINT WARNING * * *
Zapping:
M - a wand of teleportation (8/9)
Press: ? - help, Shift-Dir - straight line, f - you You feel strangely unstable.
This wand has 7 charges left.
You feel sick.
The orc warrior looks more healthy.
The orc warrior hits you from afar with a trident!!
You die...

....# +....
..#.# #%†..
).#.# #...#
<.#.# #))##
).#.## #).#
.....####
##..#
...#....#
##o.##
.....##.#
#####..##
#.#.###.#
#..###@#
....# #.#
##.##†.#
#.#.#
#.###.....##
...##
#.##.......#
#.#
#.#........#
#..........#
#..........#
##.....(...#
##........#


You could see an orc warrior.

Vanquished Creatures
  Duvessa (D:6)
  An ice beast (D:6)
  A phantom (D:5)
  An ogre (D:5)
  A giant frog (D:6)
  Dowan (D:6)
  2 scorpions (D:4)
  2 howler monkeys (D:5)
  3 crimson imps (D:5)
  2 hounds (D:4)
  9 orc wizards
  4 orc priests
  2 giant frog skeletons
  Crazy Yiuf (D:5)
  Natasha (thrice) (D:2)
  5 worker ants
  7 gnolls
  5 adders
  A river rat (D:4)
  A shadow imp (D:5)
  2 oozes
  2 adder skeletons (D:5)
  2 worms
  11 dart slugs
  5 giant geckos
  34 orcs
  3 ball pythons
  4 giant cockroaches
  8 goblins
  9 hobgoblins
  5 quokkas
  7 bats
  7 giant newts
  8 kobolds
  A quokka skeleton (D:5)
  10 rats
171 creatures vanquished.

Notes
Turn   | Place    | Note
--------------------------------------------------------------
     0 | D:1      | doot the Naga Venom Mage began the quest for the Orb.
     0 | D:1      | Reached XP level 1. HP: 15/15 MP: 3/3
   369 | D:1      | Reached XP level 2. HP: 17/22 MP: 1/5
  1219 | D:1      | Reached skill level 6 in Poison Magic
  1393 | D:1      | Reached XP level 3. HP: 15/28 MP: 6/6
  1699 | D:2      | Found a bloodstained altar of Trog.
  1765 | D:2      | Found a radiant altar of Vehumet.
  1765 | D:2      | Found an oddly glowing altar of Pakellas.
  1842 | D:2      | Noticed Natasha
  1851 | D:2      | Killed Natasha
  1851 | D:2      | Reached XP level 4. HP: 16/37 MP: 3/7
  2099 | D:2      | Learned a level 4 spell: Olgreb's Toxic Radiance
  2157 | D:2      | Learned a level 2 spell: Cure Poison
  2429 | D:2      | Noticed Natasha
  2439 | D:2      | Killed Natasha
  2504 | D:2      | Reached XP level 5. HP: 41/43 MP: 4/8
  2510 | D:2      | Noticed Natasha
  2526 | D:2      | Killed Natasha
  2526 | D:2      | Reached skill level 1 in Fighting
  2526 | D:2      | Reached skill level 1 in Conjurations
  3287 | D:3      | Reached skill level 5 in Stealth
  3287 | D:3      | Reached XP level 6. HP: 8/51 MP: 0/10
  3883 | D:3      | Learned a level 3 spell: Mephitic Cloud
  3925 | D:3      | You fall through a shaft for 2 floors!
  3925 | D:5      | Entered Level 5 of the Dungeon
  4102 | D:5      | Found an opulent altar of Gozag.
  4102 | D:5      | Found a shadowy altar of Dithmenos.
  4225 | D:5      | Found a sparkling altar of Nemelex Xobeh.
  4241 | D:5      | Reached skill level 7 in Poison Magic
  4243 | D:5      | Reached skill level 1 in Short Blades
  4466 | D:5      | Reached XP level 7. HP: 48/57 MP: 5/11
  4877 | D:4      | Found a shattered altar of Ashenzari.
  4957 | D:3      | Upgraded the game from 0.18-b1-10-g3f7de93 to 0.18-b1-14-g029dad2
  5112 | D:3      | Found a snail-covered altar of Cheibriados.
  5145 | D:3      | Became a worshipper of Cheibriados the Contemplative
  5374 | D:4      | Found a white marble altar of Elyvilon.
  5726 | D:4      | Reached skill level 8 in Poison Magic
  5969 | D:4      | Got a dazzling dagger
  5970 | D:4      | Identified the +5 dagger of Gaotow {flame, rPois rN++} (You found it on level 4 of the Dungeon)
  6026 | D:4      | Got a brightly glowing dagger
  6027 | D:4      | Identified the +7 dagger of Fupheing {drain, +Blink} (You found it on level 4 of the Dungeon)
  6033 | D:4      | Reached * piety under Cheibriados
  6418 | D:4      | Reached XP level 8. HP: 62/64 MP: 8/13
  6897 | D:4      | Reached ** piety under Cheibriados
  7169 | D:4      | Found a blossoming altar of Fedhas.
  7405 | D:5      | Reached skill level 9 in Poison Magic
  7612 | D:5      | Noticed Crazy Yiuf
  7618 | D:5      | Killed Crazy Yiuf
  7641 | D:5      | Got a fine mace
  7642 | D:5      | Identified the +11 mace "Fauve" {crush, rF++ SInv} (You found it on level 5 of the Dungeon)
  7943 | D:5      | Reached *** piety under Cheibriados
  8262 | D:6      | Noticed Duvessa
  8262 | D:6      | Noticed Dowan
  8341 | D:6      | Killed Duvessa
  8343 | D:6      | Killed Dowan
  8475 | D:6      | Reached skill level 10 in Poison Magic
  8475 | D:6      | Reached XP level 9. HP: 69/73 MP: 13/16
  8695 | D:6      | Slain by an orc warrior

Skill      XL: |  1  2  3  4  5  6  7  8 |
---------------+-------------------------+-----
Poison Magic   | 6 7 8 10 | 10.2
Dodging        | 2 3 |  3.6
Fighting       | 1 2 |  2.4
Stealth        | 5 6 7 |  7.8
Conjurations   | 1 2 |  2.1
Spellcasting   | 3 4 |  4.7
Short Blades   | 1 |  1.9
Maces & Flails | |  0.8
Throwing       | |  0.5
Unarmed Combat | |  0.2
Invocations    | |  0.2

Action                   |  1- 3 |  4- 6 |  7- 9 || total
-------------------------+-------+-------+-------++-------
Melee: Unarmed           |    15 |       |       ||    15
       Club              |    20 |       |       ||    20
       Dagger            |    13 |    86 |    76 ||   175
       Mace              |       |       |    40 ||    40
Throw: Tomahawk          |       |     2 |     4 ||     6
 Cast: Sting             |    29 |    41 |    43 ||   113
       Olgreb's Toxic Ra |       |     7 |    17 ||    24
       Cure Poison       |       |     6 |    17 ||    23
Invok: Bend Time         |       |       |     1 ||     1
 Abil: Spit Poison       |    10 |    13 |    15 ||    38
Evoke: Wand              |       |       |     1 ||     1
  Use: Scroll            |       |       |     3 ||     3
 Stab: Sleeping          |     2 |     6 |     3 ||    11
  Eat: Chunk             |     3 |     6 |    13 ||    22
       Bread ration      |       |     1 |       ||     1
Armor: Robe              |    15 |    15 |    27 ||    57
Dodge: Dodged            |    52 |    55 |    67 ||   174
